 Dungeon Crawl Stone Soup version 0.22-a0-204-g464ede7bef (webtiles) character file.

984 RedPan the Slasher (level 7, -5/54 HPs)
             Began as a Demonspawn Monk on Feb 18, 2018.
             Was a Believer of Cheibriados.
             Slain by Pikel
             ... wielding a +0 whip of electrocution
              (19 damage)
             ... on level 5 of the Dungeon.
             The game lasted 00:16:35 (7242 turns).

RedPan the Slasher (Demonspawn Monk)                Turns: 7242, Time: 00:16:35

Health: -5/54      AC:  9    Str: 19    XL:     7   Next: 97%
Magic:  7/7        EV: 12    Int: 17    God:    Cheibriados [**....]
Gold:   186        SH:  6    Dex: 22    Spells: 6/6 levels left

rFire    . . .     SeeInvis .   x - +0 falchion
rCold    + . .     Gourm    .   g - +0 buckler
rNeg     + . .     Faith    .   q - +0 scale mail {rF+}
rPois    .         Spirit   .   l - +0 helmet
rElec    .         Reflect  .   (no cloak)
rCorr    .         Harm     .   (no gloves)
MR       .....                  o - +0 pair of boots {Fly}
Stlth    +.........             (no amulet)
HPRegen  0.18/turn              i - ring of positive energy
MPRegen  0.10/turn              a - ring of ice

@: flying, heavily drained, very slow
A: talons 1, rugged brown scales 1, powered by death 1
a: Bend Time, Renounce Religion, Stop Flying


You were on level 5 of the Dungeon.
You worshipped Cheibriados.
Cheibriados was pleased with you.
You were not hungry.

You visited 2 branches of the dungeon, and saw 6 of its levels.

You collected 186 gold pieces.

Inventory:

Hand Weapons
 x - a +0 falchion (weapon)
Armour
 e - a +0 plate armour
 g - a +0 buckler (worn)
 l - a +0 helmet (worn)
 o - a +0 pair of boots of flying (worn)
 q - a +0 scale mail of fire resistance (worn)
Jewellery
 a - a ring of ice (right hand)
 i - a ring of positive energy (left hand)
Scrolls
 b - a scroll of fog
 j - a scroll of teleportation
 m - 2 scrolls of identify
 t - 2 scrolls of remove curse
Potions
 d - a potion of ambrosia
 f - a potion of haste
 h - 4 potions of curing
 k - 2 potions of flight
 p - 4 potions of heal wounds
 w - a potion of lignification
Comestibles
 c - 11 rations


   Skills:
 + Level 3.7(2.4) Fighting
 + Level 5.2(3.8) Long Blades
 + Level 3.1(1.9) Armour
 + Level 4.7(3.4) Dodging
 - Level 1.7(0.5) Stealth
 - Level 4.0(2.7) Shields
 * Level 1.1(0.0) Invocations


You had 6 spell levels left.
You didn't know any spells.

Dungeon Overview and Level Annotations

Branches:
Dungeon (5/15)             Temple (1/1) D:4

Altars:
Ashenzari
Cheibriados
Dithmenos
Elyvilon
Fedhas
Gozag
Kikubaaqudgha
Makhleb
Nemelex Xobeh
Ru
Sif Muna
Trog
Uskayaw
Vehumet
Wu Jian
Xom
Yredelemnul
Zin
The Shining One

Annotations:
D:3 MirrMurr's ghost, amateur SpEn
D:5 Pikel


Innate Abilities, Weirdness & Mutations

You have sharp toenails.
You are partially covered in rugged brown scales. (AC +1, +3% HP)
You regenerate a little health from kills.


Message History

You hit Pikel but do no damage.
Pikel is severely wounded.
The slave hits you but does no damage. Pikel barely misses you.
You riposte.
You miss Pikel.
Pikel is severely wounded.
You hit Pikel but do no damage.
Pikel is severely wounded.
The slave hits you.
* * * LOW HITPOINT WARNING * * *
Pikel hits you but does no damage.
You hit Pikel.
Pikel is severely wounded.
You block the slave's attack. Pikel closely misses you.
You riposte.
You barely miss Pikel.
Pikel is severely wounded.
You hit Pikel but do no damage.
Pikel is severely wounded.
The slave closely misses you.
You riposte.
You closely miss the slave. Pikel hits you but does no damage.
You are electrocuted!
You die...

........##.......######..#
........##.......##..P#.##
........##.......+#P_.#.#
........##.......##P..###
........##.......###P.P#
........#....#######..P####
###.....'.................#
###.....#...######........##
........#>..pppK@.#.#...#..###
.....#####'#.####p#.#...##...#
.....#####.#......#.##.PP###.#
.....#.....#..#####.##._.# #.#
...........#......#.##.P.###.#
######.###.#.#..#.#.######...#
...........#....#.#.#.# #####
.....#.#..........#.#.#
.....'............#.#.#


You could see Pikel and 4 slaves.

Vanquished Creatures
  Duvessa (D:5)
  An ogre (D:4)
  A centaur (D:3)
  Dowan (D:5)
  A howler monkey (D:5)
  A crimson imp (D:5)
  An orc priest (D:3)
  2 bullfrog skeletons
  2 hounds
  Jessica (D:3)
  3 orc wizards
  3 worker ants
  A hound skeleton (D:3)
  A hound zombie (D:5)
  Robin (D:2)
  9 adders
  A shadow imp (D:5)
  An adder zombie (D:5)
  An ooze (D:1)
  3 adder skeletons
  A worm (D:3)
  A dart slug (D:2)
  3 leopard geckos
  13 orcs
  12 bats
  5 giant cockroaches
  15 goblins
  8 hobgoblins
  7 jackals
  3 quokkas
  5 frilled lizards
  7 kobolds
  A quokka zombie (D:5)
  8 rats
125 creatures vanquished.

Vanquished Creatures (others)
  A goblin (D:3)
  A quokka (D:3)
2 creatures vanquished.

Grand Total: 127 creatures vanquished

Notes
Turn   | Place    | Note
-------+----------+-------------------------------------------
     0 | D:1      | RedPan the Demonspawn Monk began the quest for the Orb.
     0 | D:1      | Reached XP level 1. HP: 18/18 MP: 1/1
   154 | D:1      | Gained mutation: You are partially covered in rugged brown scales. (AC +1, +3% HP) [demonic ancestry]
   154 | D:1      | Reached XP level 2. HP: 15/24 MP: 2/2
   157 | D:1      | Reached skill level 3 in Long Blades
   528 | D:1      | Reached skill level 1 in Shields
   584 | D:1      | Reached XP level 3. HP: 25/29 MP: 3/3
  1186 | D:2      | Found a sacrificial altar of Ru.
  2233 | D:3      | Noticed Robin
  2240 | D:3      | Noticed a centaur
  2279 | D:2      | Killed Robin
  2279 | D:2      | Reached XP level 4. HP: 11/36 MP: 4/4
  2739 | D:3      | Noticed MirrMurr's ghost (amateur SpEn)
  3221 | D:3      | Found a white marble altar of Elyvilon.
  3221 | D:3      | Noticed Jessica
  3239 | D:3      | Killed Jessica
  3239 | D:3      | Reached skill level 1 in Armour
  3239 | D:3      | Gained mutation: You regenerate a little health from kills. [demonic ancestry]
  3239 | D:3      | Reached XP level 5. HP: 36/42 MP: 5/5
  4051 | D:3      | HP: 1/42 [centaur (4)]
  4054 | D:3      | Killed a centaur
  4054 | D:3      | Gained mutation: You have sharp toenails. [demonic ancestry]
  4054 | D:3      | Reached XP level 6. HP: 1/48 MP: 6/6
  4733 | D:4      | Reached skill level 4 in Long Blades
  5064 | D:4      | Reached XP level 7. HP: 33/53 MP: 7/7
  5194 | D:4      | Found a staircase to the Ecumenical Temple.
  5204 | Temple   | Entered the Ecumenical Temple
  5256 | Temple   | Became a worshipper of Cheibriados the Contemplative
  5256 | Temple   | Reached * piety under Cheibriados
  5256 | Temple   | Reached ** piety under Cheibriados
  5773 | D:5      | Entered Level 5 of the Dungeon
  6042 | D:5      | Noticed Duvessa
  6062 | D:5      | Noticed Dowan
  6089 | D:5      | Killed Duvessa
  6100 | D:5      | Killed Dowan
  6100 | D:5      | Reached skill level 5 in Long Blades
  6507 | D:5      | Found a deep blue altar of Sif Muna.
  6846 | D:5      | Found a blossoming altar of Fedhas.
  6848 | D:5      | Found an ancient bone altar of Kikubaaqudgha.
  6941 | D:5      | Reached skill level 1 in Invocations
  7090 | D:5      | Found a shadowy altar of Dithmenos.
  7090 | D:5      | Found a radiant altar of Vehumet.
  7223 | D:5      | Noticed Pikel
  7242 | D:5      | Slain by Pikel

Vault maps used:
D:1:      lightli_arrival_statue_moat, minmay_tall_x
D:2:      minmay_wonky_spiral, nicolae_ru_awakened_eye
D:3:      elyvilon_altar_4, minmay_misc_feat_four_crosses, columned_hall_lemuel,
          uniq_jessica, uniq_robin
D:4:      minmay_temple_entry_glass, first_ration
D:5:      grunt_temple_overflow_growth_and_decay, lemuel_doored_altar,
          gammafunk_temple_overflow_wave, uniq_duvessa, uniq_pikel
Temple:   cyrus_circular_temple

Skill      XL: |  1  2  3  4  5  6  7 |
---------------+----------------------+-----
Dodging        | 3 4 |  4.7
Long Blades    | 3 4 5 |  5.2
Shields        | 1 2 3 4 |  4.0
Armour         | 1 2 3 |  3.1
Invocations    | 1 |  1.1
Fighting       | |  3.7
Stealth        | |  1.7

Action                   |  1- 3 |  4- 6 |  7- 9 || total
-------------------------+-------+-------+-------++-------
Melee: Falchion          |   180 |   359 |   255 ||   794
       Kick              |       |    10 |       ||    10
  Use: Scroll            |     8 |     1 |     8 ||    17
       Potion            |       |     1 |     2 ||     3
 Stab: Sleeping          |     9 |       |       ||     9
  Eat: Chunk             |     4 |     7 |     4 ||    15
       Ration            |       |     1 |       ||     1
Armor: Robe              |    22 |       |       ||    22
       Scale mail        |    26 |   198 |    75 ||   299
       Plate armour      |       |       |    22 ||    22
Dodge: Dodged            |   131 |   204 |   131 ||   466
Block: Buckler           |    39 |    91 |    58 ||   188
       Rpst.: Falchion   |    32 |    56 |    53 ||   141

Table legend:
 A = Spawn XP
 B = Non-spawn XP
 C = Spawn XP percentage of total XP
 D = Spawn monster count
 E = Non-spawn monster count
 F = Spawn count percentage of total count
 G = Total turns spent on level
                    A         B        C        D         E        F      G
               +---------+---------+-------+---------+---------+-------+---------
         Total |       0 |    1406 |   0.0 |       0 |     125 |   0.0 |  7242
               +---------+---------+-------+---------+---------+-------+---------
           D:1 |       0 |      52 |   0.0 |       0 |      29 |   0.0 |  1017
           D:2 |       0 |     109 |   0.0 |       0 |      32 |   0.0 |  2607
           D:3 |       0 |     296 |   0.0 |       0 |      26 |   0.0 |  1002
           D:4 |       0 |     352 |   0.0 |       0 |      15 |   0.0 |  1081
           D:5 |       0 |     597 |   0.0 |       0 |      23 |   0.0 |  1469
               +---------+---------+-------+---------+---------+-------+---------
